 Dungeon Crawl Stone Soup version 0.19-a0-1738-gbb2db12 (webtiles) character file.

4313 Naow the Severer (level 10, 0/81 HPs)
             Began as a Minotaur Berserker on Oct 1, 2016.
             Was an Elder of Trog.
             Slain by an orc warrior
             ... wielding a +0 halberd
              (12 damage)
             ... on level 9 of the Dungeon.
             The game lasted 00:17:58 (7569 turns).

Naow the Severer (Minotaur Berserker)               Turns: 7569, Time: 00:17:58

Health: 0/81       AC: 13    Str: 26    XL:     10   Next: 11%
Magic:  9/9        EV:  8    Int:  7    God:    Trog [****..]
Gold:   555        SH:  8    Dex: 10    Spells: 0 memorised, 9 levels left

rFire  . . .     SeeInvis .     a - +0 hand axe
rCold  + . .     Gourm    .     J - +5 scale mail of a volcano {Str+4}
rNeg   . . .     Faith    .     S - +0 shield
rPois  .         Spirit   .     X - +1 hat
rElec  .         Dismiss  .     B - +0 cloak
rCorr  .         Reflect  .     (no gloves)
MR     ++...     Harm     .     (no boots)
Stlth  ..........               w - amulet of regeneration
                                Q - ring of protection from cold
                                h - ring of wizardry

@: lethally poisoned (0 -> -1), regenerating
A: retaliatory headbutt, horns 2
a: Berserk, Trog's Hand, Brothers in Arms, Burn Spellbooks, Renounce Religion


You were on level 9 of the Dungeon.
You worshipped Trog.
Trog was greatly pleased with you.
You were near starving.

You visited 1 branch of the dungeon, and saw 9 of its levels.
You also visited: Ossuary.

You collected 555 gold pieces.

Inventory:

Hand Weapons
 a - a +0 hand axe (weapon)
 V - a cursed +0 battleaxe
Armour
 b - a +0 animal skin
 B - a +0 cloak (worn)
 C - a +0 chain mail
 J - the +5 scale mail of a volcano (worn) {Str+4}
   (You found it on level 5 of the Dungeon)

   It affects your strength (+4).
 S - a +0 shield (worn)
 X - a +1 hat (worn)
Jewellery
 h - a ring of wizardry (left hand)
 w - an amulet of regeneration (around neck)
 F - an uncursed amulet of harm
 Q - a ring of protection from cold (right hand)
Wands
 H - a wand of paralysis (18/24)
 M - a wand of iceblast (7/15)
 P - a wand of flame (25/48)
 R - a wand of iceblast (8/15)
 U - a wand of flame (25/48)
Scrolls
 e - 4 scrolls of teleportation
 f - 2 scrolls of amnesia {unknown}
 g - 6 scrolls of identify
 i - 4 scrolls of remove curse
 j - a scroll of immolation {unknown}
 r - a scroll of enchant armour {unknown}
 v - a scroll of vulnerability {unknown}
 y - a scroll of fog {unknown}
 A - 2 scrolls of magic mapping {unknown}
 D - 2 scrolls of noise {unknown}
 L - a scroll of recharging {unknown}
 W - a scroll of blinking {unknown}
Potions
 k - 2 potions of lignification
 l - 4 potions of heal wounds {unknown}
 m - 3 potions of cancellation {unknown}
 n - a potion of ambrosia {unknown}
 p - 2 potions of degeneration {unknown}
 q - a potion of berserk rage {unknown}
 s - a potion of agility {unknown}
 t - 8 potions of curing {unknown}
 u - 2 potions of cure mutation {unknown}
 x - a potion of brilliance {unknown}
 z - 2 potions of might {unknown}
 I - 2 potions of invisibility {unknown}
 O - 2 potions of haste {unknown}
Books
 K - a book of Necromancy

   Spells                             Type                      Level
   a - Pain                           Necromancy                   1
   b - Animate Skeleton               Necromancy                   1
   c - Vampiric Draining              Necromancy                   3
   d - Regeneration                   Charms/Necromancy            3
   e - Animate Dead                   Necromancy                   4
   f - Control Undead                 Necromancy                   4
   Trog disapproves of the use of such an item.
 N - a Young Poisoner's Handbook

   Spells                             Type                      Level
   a - Sting                          Conjuration/Poison           1
   b - Mephitic Cloud                 Conjuration/Poison/Air       3
   c - Olgreb's Toxic Radiance        Poison                       4
   d - Alistair's Intoxication        Transmutation/Poison         5
   e - Venom Bolt                     Conjuration/Poison           5
   Trog disapproves of the use of such an item.
Comestibles
 c - 6 bread rations
 d - 2 slices of pizza
 o - 2 meat rations
 E - 5 fruits
 G - a royal jelly


   Skills:
 - Level 5.2 Fighting
 + Level 16.0 Axes
 - Level 2.8 Armour
 - Level 3.2 Dodging
 - Level 1.0 Stealth


You had 9 spell levels left.
You didn't know any spells.

Dungeon Overview and Level Annotations

Branches:
Dungeon (9/15)             Temple (0/1) D:6
   Lair: D:8-11         Orc: D:9-12

Altars:
Ashenzari
Cheibriados
Elyvilon
Gozag
Kikubaaqudgha
Okawaru
Qazlal
Trog
Uskayaw
Xom
Yredelemnul


Innate Abilities, Weirdness & Mutations

You reflexively headbutt those who attack you in melee.
You have a pair of horns on your head.


Message History

You block the warg's attack.
Your skin crawls.
You feel resistant to hostile enchantments.
You feel somewhat more hungry.
The orc priest calls down the wrath of Beogh upon you.
Beogh smites you!
* * * LOW HITPOINT WARNING * * *
The warg closely misses you. You furiously retaliate!
You headbutt the warg! You block the orc's attack.
The orc warrior hits you but does no damage.
Your ogre goes berserk!
You are near starving!
You block the warg's attack.
The orc priest miscasts a cantrip.
The orc hits you with a short sword of venom.
* * * LOW HITPOINT WARNING * * *
You are poisoned.
The orc hits you but does no damage.
The orc warrior hits you from afar with a halberd!
You die...

#... .....#..# #...
.......# #...
......# #... .....#
#... o...# #...
o..#+### #...
#oo....########...
#@h...............
#.o...............
###.O...............
#...................
#.###............###
#...###'#........#
##..#...#........#
#.>#...#........#
#..#...#........#


You could see a warg, an orc warrior, 2 orc priests, 2 orcs and a friendly ogre
(berserk).

Vanquished Creatures
  Maurice (D:8)
  A two-headed ogre (D:8)
  Prince Ribbit (D:6)
  Grinder (D:6)
  3 hippogriffs
  A wraith (Ossuary)
  The ghost of Naow the Chopper, an amateur MiBe of Trog (D:4)
  A warg (D:9)
  2 ice beasts (D:5)
  2 sky beasts
  6 centaurs
  2 ogres
  A big kobold (D:8)
  4 bullfrogs
  4 wights (D:8)
  2 crimson imps
  A howler monkey (D:7)
  2 bullfrog zombies (D:8)
  4 hounds
  3 orc priests
  A bullfrog skeleton (D:5)
  3 orc wizards
  5 worker ants
  A big kobold zombie (Ossuary)
  4 mummies
  10 adders
  A shadow imp (D:8)
  2 oozes
  An adder skeleton (D:4)
  A worm (D:2)
  4 dart slugs (D:1)
  8 leopard geckos
  18 orcs
  A ball python (D:2)
  8 giant cockroaches
  7 goblins
  8 hobgoblins
  8 jackals
  11 kobolds
  3 quokkas
  7 bats
  8 frilled lizards
  2 goblin zombies (Ossuary)
  4 hobgoblin zombies (Ossuary)
  7 kobold zombies
  A leopard gecko zombie (D:5)
  An orc zombie (D:4)
  A quokka zombie (D:7)
  6 rats
185 creatures vanquished.

Notes
Turn   | Place    | Note
-------+----------+-------------------------------------------
     0 | D:1      | Naow the Minotaur Berserker began the quest for the Orb.
     0 | D:1      | Reached XP level 1. HP: 19/19 MP: 0/0
    51 | D:1      | Reached XP level 2. HP: 19/27 MP: 1/1
    67 | D:1      | Reached skill level 4 in Axes
   267 | D:1      | Reached XP level 3. HP: 31/33 MP: 2/2
   850 | D:2      | Reached ** piety under Trog
   937 | D:2      | Found an iron altar of Okawaru.
  1052 | D:2      | Found a faded altar of an unknown god.
  1282 | D:2      | Reached XP level 4. HP: 40/41 MP: 3/3
  1470 | D:3      | Reached skill level 5 in Axes
  1776 | D:3      | Reached XP level 5. HP: 46/47 MP: 4/4
  2343 | D:3      | Reached *** piety under Trog
  2344 | D:3      | Reached skill level 5 in Fighting
  2598 | D:3      | Found a shimmering altar of Xom.
  2853 | D:4      | Found a sand-covered staircase.
  2857 | D:4      | Reached skill level 6 in Axes
  2857 | D:4      | Reached skill level 1 in Stealth
  3061 | Ossuary  | Entered an ossuary
  3061 | Ossuary  | Noticed a wraith
  3061 | Ossuary  | Noticed a wraith
  3061 | Ossuary  | Noticed a wraith
  3105 | Ossuary  | Reached XP level 6. HP: 39/56 MP: 5/5
  3201 | Ossuary  | Noticed a wraith
  3212 | Ossuary  | Killed a wraith
  3212 | Ossuary  | Reached skill level 7 in Axes
  3836 | D:4      | Noticed Naow's ghost (amateur MiBe)
  3852 | D:4      | Killed Naow's ghost
  3852 | D:4      | Reached skill level 8 in Axes
  3852 | D:4      | Reached XP level 7. HP: 36/61 MP: 6/6
  3989 | D:4      | Reached skill level 9 in Axes
  4155 | D:5      | Entered Level 5 of the Dungeon
  4220 | D:5      | Found an ancient bone altar of Kikubaaqudgha.
  4235 | D:5      | Found a hide-covered altar of Uskayaw.
  4236 | D:5      | Found a shattered altar of Ashenzari.
  4241 | D:5      | Found a bloodstained altar of Trog.
  4241 | D:5      | Found a basalt altar of Yredelemnul.
  4241 | D:5      | Found a stormy altar of Qazlal.
  4242 | D:5      | Found an opulent altar of Gozag.
  4253 | D:5      | Reached skill level 10 in Axes
  4257 | D:5      | Found a white marble altar of Elyvilon.
  4272 | D:5      | Noticed a hippogriff
  4284 | D:5      | Killed a hippogriff
  4284 | D:5      | Reached XP level 8. HP: 31/68 MP: 7/7
  4649 | D:5      | Reached skill level 11 in Axes
  4930 | D:5      | Got a smoking scale mail
  4941 | D:5      | Identified the +5 scale mail of a volcano {Str+4} (You found it on level 5 of the Dungeon)
  5053 | D:6      | Found a staircase to the Ecumenical Temple.
  5379 | D:6      | Noticed Prince Ribbit
  5387 | D:6      | Noticed a hippogriff
  5396 | D:6      | Killed a hippogriff
  5396 | D:6      | Reached **** piety under Trog
  5396 | D:6      | Reached skill level 12 in Axes
  5426 | D:6      | Killed Prince Ribbit
  5677 | D:6      | Noticed Grinder
  5696 | D:6      | Killed Grinder
  5696 | D:6      | Reached skill level 13 in Axes
  5696 | D:6      | Reached XP level 9. HP: 74/74 MP: 8/8
  6094 | D:7      | Reached skill level 14 in Axes
  6590 | D:8      | Found a snail-covered altar of Cheibriados.
  6854 | D:8      | Reached skill level 15 in Axes
  6857 | D:8      | Noticed Maurice
  6884 | D:8      | Reached ***** piety under Trog
  6885 | D:8      | Killed Maurice
  7030 | D:8      | Reached XP level 10. HP: 77/81 MP: 9/9
  7561 | D:9      | Reached skill level 16 in Axes
  7569 | D:9      | Slain by an orc warrior

Vault maps used:
D:1:      eino_arrival_cavern_e
D:2:      overflow_temple_1_default, ecumenical_altar_2, serial_bayou,
          serial_bayou_pond_d, serial_bayou_pond_d, serial_bayou_pond_c,
          serial_bayou_shore_a, serial_bayou_pond_e
D:3:      marbit_many_paths
D:4:      first_bread, nicolae_ossuary_entry_giza
D:5:      minitemple
D:6:      uniq_grinder, uniq_prince_ribbit1
D:8:      lemuel_crystal_altar, uniq_maurice
D:9:      erik_lair_orcish_takeover
Ossuary:  ossuary_kennysheep_city_of_the_dead

Skill      XL: |  1  2  3  4  5  6  7  8  9 10 |
---------------+-------------------------------+-----
Axes           | 4 5 6 8 10 13 15 16 | 16.0
Fighting       | 4 5 |  5.2
Dodging        | 3 |  3.2
Stealth        | 1 |  1.0
Armour         | |  2.8

Action                   |  1- 3 |  4- 6 |  7- 9 | 10-12 || total
-------------------------+-------+-------+-------+-------++-------
Melee: Hand axe          |    79 |   206 |   246 |    36 ||   567
       Headbutt          |    14 |    37 |    47 |     5 ||   103
Invok: Berserk           |       |     2 |     3 |       ||     5
       Trog's Hand       |       |     2 |     1 |     1 ||     4
       Brothers in Arms  |       |       |       |     1 ||     1
  Use: Scroll            |       |     3 |       |       ||     3
 Stab: Sleeping          |     1 |       |       |       ||     1
  Eat: Chunk             |     1 |     7 |    13 |     1 ||    22
       Beef jerky        |       |     2 |       |       ||     2
       Pizza             |       |       |     1 |       ||     1
Armor: Animal skin       |     8 |    17 |       |       ||    25
       Chain mail        |       |     6 |    25 |       ||    31
       Scale mail        |       |       |    91 |    21 ||   112
Dodge: Dodged            |    53 |   111 |   103 |     9 ||   276
Block: Shield            |       |       |    29 |    14 ||    43
